 Dungeon Crawl Stone Soup version 0.19.5 (webtiles) character file.

157047 JeffiDaFish the Blocker (level 17, -4/112 HPs)
             Began as a Gargoyle Fighter on Sept 7, 2017.
             Was a High Priest of Okawaru.
             Slain by a harpy (18 damage)
             ... summoned by Kirke
             ... on level 1 of the Swamp.
             The game lasted 01:07:00 (28666 turns).

JeffiDaFish the Blocker (Gargoyle Fighter)         Turns: 28666, Time: 01:07:02

Health: -4/112     AC:  0    Str: 23    XL:     17   Next: 68%
Magic:  25/25      EV: 20    Int:  8    God:    Okawaru [*****.]
Gold:   2726       SH:  3    Dex: 14    Spells: 1 memorised, 24 levels left

rFire  . . .     SeeInvis .     (weapon currently unavailable)
rCold  . . .     Gourm    .     (armour currently unavailable)
rNeg   + . .     Faith    .     (shield currently unavailable)
rPois  ∞         Spirit   .     (helmet currently unavailable)
rElec  .         Reflect  +     (cloak currently unavailable)
rCorr  .         Harm     .     (gloves currently unavailable)
MR     +....                    (boots currently unavailable)
Stlth  ++........               i - +3 amulet of reflection
                                (ring currently unavailable)
                                (ring currently unavailable)

@: pig-form, flying, very quick
A: (big wings), negative energy resistance 1, (electricity resistance),
(unbreathing), petrification resistance, rot immunity, AC +12
a: Heroism, Finesse, Renounce Religion


You were on level 1 of the Swamp.
You worshipped Okawaru.
Okawaru was extremely pleased with you.
You were not hungry.
You were a filthy swine.
You visited 4 branches of the dungeon, and saw 24 of its levels.
You visited the Abyss 1 time.
You also visited: Sewer, Bailey and Volcano.

You collected 3152 gold pieces.
You spent 426 gold pieces at shops.

Inventory:

Hand Weapons
 a - a +8 flail of crushing (melded)
 v - the +8 whip "Snakebite" {curare, rPois}
   (Okawaru gifted it to you on level 6 of the Lair of Beasts)

   It poisons the flesh of those it strikes.
   It protects you from poison.
Armour
 k - a +1 pair of boots (melded)
 n - a +1 pair of gloves (melded)
 w - a +0 helmet of intelligence (melded)
 F - a +4 plate armour of fire resistance (melded)
 J - a +2 cloak of fire resistance (melded)
 K - a +0 shield of reflection (melded)
Jewellery
 i - a +3 amulet of reflection (around neck)
 y - an uncursed ring of protection from fire
 B - a +4 ring of dexterity (melded)
 E - a +3 ring of evasion (melded)
 G - an uncursed ring of protection from cold
Scrolls
 d - a scroll of blinking
 e - 2 scrolls of magic mapping
 p - 7 scrolls of recharging
 q - a scroll of fog
 u - 10 scrolls of remove curse
 z - 10 scrolls of identify
 C - 5 scrolls of amnesia
 H - 2 scrolls of silence
Potions
 h - a potion of curing
 r - 8 potions of brilliance
 s - 3 potions of agility
 t - 2 potions of might
 x - a potion of haste
 I - a potion of heal wounds
Books
 o - a book of Necromancy

   Spells                             Type                      Level
   a - Pain                           Necromancy                   1
   b - Animate Skeleton               Necromancy                   1
   c - Vampiric Draining              Necromancy                   3
   d - Regeneration                   Charms/Necromancy            3
   e - Animate Dead                   Necromancy                   4
   f - Control Undead                 Necromancy                   4
 D - a book of Spatial Translocations

   Spells                             Type                      Level
   a - Blink                          Translocation                2
   b - Shroud of Golubria             Charms/Translocation         2
   c - Lesser Beckoning               Translocation                3
   d - Portal Projectile              Translocation                3
   e - Teleport Other                 Translocation                3
   f - Passage of Golubria            Translocation                4
Comestibles
 b - 18 fruits
 f - 13 bread rations
 g - 8 beef jerkies
 j - 10 meat rations
 m - 10 slices of pizza
 A - 11 royal jellies


   Skills:
 * Level 14.7 Fighting
 * Level 13.2 Maces & Flails
 * Level 14.3 Armour
 + Level 8.0 Dodging
 - Level 1.0 Stealth
 * Level 14.8 Shields
 + Level 5.4 Spellcasting
 + Level 5.3 Translocations
 - Level 8.1 Invocations


You had 24 spell levels left.
You knew the following spells:

 Your Spells              Type           Power        Failure   Level  Hunger
a - Blink                 Tloc           N/A          4%          2    ##.....


Dungeon Overview and Level Annotations

Branches:
Dungeon (15/15)            Temple (0/1) D:6            Lair (6/6) D:10
  Swamp (1/4) Lair:2        Snake (0/4) Lair:2        Slime (0/5) Lair:6
    Orc (2/2) D:9             Elf (0/3) Orc:2        Vaults (0/5) D:13
 Depths (0/5) D:15

Altars:
Ashenzari
Fedhas
Kikubaaqudgha
Makhleb
Nemelex Xobeh
Okawaru
Qazlal
Ru
Sif Muna
Zin
The Shining One
Jiyva

Shops:
D:8 =   Orc:2 **}[

Portals:
Pandemonium: Orc:2

Annotations:
Lair:4 exclusion: oklob plant
Swamp:1 Kirke


Innate Abilities, Weirdness & Mutations

You are resistant to torment.
((Your stone body is resilient. (AC +12)))
You are immune to poison.
((Your large and strong wings let you fly indefinitely.))
You resist negative energy. (rN+)
((You are resistant to electric shocks. (rElec)))
((You can survive without breathing.))
You are immune to petrification.
You are immune to rotting.


Message History

The harpy misses you. The harpy barely misses you.
The harpy closely misses you. The harpy barely misses you.
The harpy screeches!
The harpy completely misses you. The harpy misses you.
The harpy screeches!
The harpy misses you. The harpy barely misses you. x3
The harpy screeches!
The harpy claws you!
* * * LOW HITPOINT WARNING * * *
The harpy claws you.
* * * LOW HITPOINT WARNING * * *
The harpy misses you. x2
There is a staircase back to the Lair here.
The harpy screeches!
The harpy claws you!
* * * LOW HITPOINT WARNING * * *
The harpy claws you.
* * * LOW HITPOINT WARNING * * *
The harpy claws you!!
You die...

≈≈≈≈≈≈≈≈.....≈≈≈
.≈≈≈≈≈≈≈....≈≈
≈≈...≈≈≈...≈.
.≈♣§.≈≈≈≈≈.♣
...... ....≈≈≈≈≈≈♣
♣...≈. ♣≈../≈....♣
≈≈≈≈ ♣≈≈..≈
♣≈.......♣ ≈≈D≈
♣≈≈h.≈ ♣♣.≈≈..♣♣♣
≈≈≈≈≈ ♣≈≈≈h§
♣≈...≈h≈.♣ ≈≈^≈≈
♣≈≈.). ..≈♣≈.HH..♣
≈≈≈≈≈≈♣.≈.≈. ..
♣♣.....♣
≈≈≈≈≈≈♣.♣♣ .
♣♣..≈♣♣ ≈≈≈≈≈≈..≈♣
♣♣..[.♣♣♣♣♣♣♣♣♣.♣♣
♣≈....≈≈.♣♣♣♣.D.♣
♣♣..♣♣.≈≈..≈D≈≈♣♣
.≈♣♣
♣♣≈§≈.≈≈..≈≈≈♣♣
≈..≈♣
♣♣..≈≈§...≈.♣


You could see 2 harpies.

Vanquished Creatures
  Rupert (D:13)
  A tentacled starspawn (Abyss:3)
  Frances (D:14)
  Donald (Orc:1)
  A storm dragon (D:13)
  A tengu reaver (D:13)
  An orc warlord (Orc:2)
  Louise (Swamp:1)
  A dire elephant (D:15)
  A green death (Abyss:3)
  Josephine (Orc:1)
  4 catoblepae (Lair:6)
  An ice dragon (Lair:6)
  9 hydras
  3 centaur warriors
  A queen ant (Lair:2)
  3 alligators
  Urug (D:14)
  A hell hog (Volcano)
  2 tengu warriors (D:15)
  3 thrashing horrors (Abyss:3)
  10 orc high priests (Orc:2)
  The ghost of JeffiDaFish the Covered, a novice GrFi (D:10)
  3 deep elf knights (D:15)
  A spatial maelstrom (Abyss:4)
  3 unseen horrors
  The ghost of CanyonRider2008 the Cleaver, a novice FoFi of Zin (D:6)
  A gelid demonspawn (Orc:2)
  A torturous demonspawn (Orc:2)
  2 deep elf archers
  A lindwurm (Lair:6)
  A swamp dragon (Lair:2)
  A shadow demon (Abyss:4)
  4 hill giants
  3 shambling mangroves
  4 orc knights (Orc:2)
  A phantasmal warrior (D:13)
  2 wolf spiders (D:15)
  11 deep elf magi
  4 orc sorcerers
  A salamander (shapeshifter) (D:13)
  3 manticores
  6 slime creatures
  2 salamanders
  5 cyclopes
  2 ugly things
  4 black mambas
  Maurice (Orc:2)
  2 rust devils (Orc:2)
  3 elephants
  3 smoke demons
  2 orange demons
  A gargoyle (D:12)
  11 spiny frogs
  7 torpor snails (Lair:6)
  5 komodo dragons
  A freezing wraith (D:15)
  A hellwing (Orc:2)
  2 rime drakes (Lair:6)
  A demonic crawler (Abyss:3)
  A tengu conjurer (D:13)
  3 meliai (Lair:5)
  7 hornets
  A two-headed ogre (Volcano)
  A queen bee (Lair:5)
  A polar bear (Lair:6)
  9 trolls
  4 tyrant leeches (Lair:6)
  Grinder (D:4)
  3 raiju
  10 hippogriffs
  2 bog bodies (Swamp:1)
  33 blink frogs
  A raiju (shapeshifter) (D:13)
  A spriggan (Swamp:1)
  A fire bat (Volcano)
  A ynoxinul (Orc:2)
  17 humans
  27 yaks
  2 shadows
  4 wraiths
  2 wyverns
  2 basilisks
  4 hogs (D:8)
  2 hungry ghosts
  Eustachio (D:6)
  A vampire (D:9)
  4 large abominations
  6 vampire mosquitoes
  6 wargs
  A mottled dragon (D:12)
  3 swamp worms (Swamp:1)
  5 soldier ants (Lair:2)
  3 nagas (Lair:2)
  A hell hound (Volcano)
  16 water moccasins
  6 porcupines
  An eye of draining (D:13)
  30 orc warriors
  A swamp drake (Swamp:1)
  A black bear (Lair:4)
  5 ice beasts
  3 phantoms
  A sky beast (D:15)
  2 wolves (Lair:6)
  10 ogres
  9 centaurs
  10 crocodiles
  4 big kobolds
  Blork the orc (D:4)
  13 bullfrogs
  A wyvern zombie (D:14)
  A wyvern skeleton (D:11)
  A water moccasin skeleton (D:9)
  6 scorpions
  25 killer bees
  3 howler monkeys (D:10)
  6 centaur zombies
  7 crimson imps
  2 quasits
  3 centaur skeletons
  2 jellies (D:6)
  7 hounds
  26 orc priests
  An iron imp (Abyss:3)
  18 orc wizards
  A bullfrog skeleton (D:12)
  32 worker ants
  Ijyb (D:2)
  6 iguanas
  3 hound skeletons
  A worker ant zombie (D:7)
  3 gnolls (D:7)
  15 adders
  A howler monkey skeleton (D:5)
  2 shadow imps
  An ooze (Sewer)
  An adder skeleton (D:4)
  A worm (D:2)
  A dart slug (D:1)
  7 leopard geckos
  87 orcs
  2 ball pythons
  13 giant cockroaches
  14 goblins
  15 hobgoblins
  17 jackals
  7 quokkas
  15 bats
  5 frilled lizards
  2 jackal skeletons (D:4)
  23 kobolds
  4 rats
830 creatures vanquished.

Vanquished Creatures (others)
  A lindwurm (Volcano)
  A deep elf mage (Bailey)
  A two-headed ogre (Volcano)
  A hornet (Swamp:1)
  An orc warrior (Orc:2)
  An orc (Orc:2)
  2 kobolds (D:7)
  7 fungi
  8 plants
  5 starspawn tentacles
28 creatures vanquished.

Grand Total: 858 creatures vanquished

Notes
Turn   | Place    | Note
-------+----------+-------------------------------------------
     0 | D:1      | JeffiDaFish the Gargoyle Fighter began the quest for the Orb.
     0 | D:1      | Reached XP level 1. HP: 14/14 MP: 1/1
   262 | D:1      | Reached XP level 2. HP: 19/19 MP: 2/2
   853 | D:2      | Reached XP level 3. HP: 12/23 MP: 3/3
  1058 | D:2      | Noticed Ijyb
  1067 | D:2      | Killed Ijyb
  1067 | D:2      | Reached XP level 4. HP: 22/29 MP: 4/4
  1316 | D:2      | Found a sacrificial altar of Ru.
  1464 | D:2      | Reached XP level 5. HP: 33/33 MP: 5/5
  1575 | D:3      | Found a sparkling altar of Nemelex Xobeh.
  1632 | D:3      | Found an ancient bone altar of Kikubaaqudgha.
  1948 | D:3      | Found an iron altar of Okawaru.
  1956 | D:3      | Became a worshipper of Warmaster Okawaru
  2090 | D:4      | Noticed Grinder
  2109 | D:4      | Paralysed by Grinder for 2 turns
  2114 | D:4      | Found a deep blue altar of Sif Muna.
  2127 | D:4      | Killed Grinder
  2127 | D:4      | Reached * piety under Okawaru
  2127 | D:4      | Reached skill level 1 in Dodging
  2127 | D:4      | Reached skill level 1 in Stealth
  2127 | D:4      | Reached skill level 5 in Shields
  2127 | D:4      | Reached XP level 6. HP: 33/38 MP: 6/6
  2547 | D:4      | Reached XP level 7. HP: 43/43 MP: 7/7
  2557 | D:4      | Found a glowing drain.
  2579 | Sewer    | Entered a sewer
  2858 | Sewer    | Reached ** piety under Okawaru
  2858 | Sewer    | Reached skill level 1 in Invocations
  2864 | Sewer    | Reached skill level 5 in Maces & Flails
  2969 | D:4      | Noticed Blork the orc
  2982 | D:4      | Killed Blork the orc
  3208 | D:4      | Found a glowing golden altar of the Shining One.
  3256 | D:4      | Reached XP level 8. HP: 30/48 MP: 8/8
  3481 | D:4      | Reached skill level 5 in Fighting
  3538 | D:4      | Reached skill level 5 in Armour
  3633 | D:5      | Entered Level 5 of the Dungeon
  3879 | D:5      | Found a glowing silver altar of Zin.
  3879 | D:5      | Noticed an angel
  4257 | D:5      | Got a warped chain mail
  4268 | D:5      | Identified the +3 chain mail of Lucidity {-Tele rPois rN++} (You found it on level 5 of the Dungeon)
  4331 | D:5      | Found a burning altar of Makhleb.
  4500 | D:6      | Found a staircase to the Ecumenical Temple.
  4599 | D:6      | Reached *** piety under Okawaru
  4970 | D:6      | Reached XP level 9. HP: 45/55 MP: 11/11
  4989 | D:6      | Noticed CanyonRider2008's ghost (novice FoFi)
  5006 | D:6      | Killed CanyonRider2008's ghost
  5006 | D:6      | Reached **** piety under Okawaru
  5348 | D:6      | Noticed Eustachio
  5358 | D:6      | Killed Eustachio
  6611 | D:8      | Noticed a cyclops
  6615 | D:8      | Killed a cyclops
  6615 | D:8      | Reached ***** piety under Okawaru
  6615 | D:8      | Reached XP level 10. HP: 63/63 MP: 13/13
  6765 | D:8      | Found Joafesala's Jewellery Shoppe.
  6768 | D:8      | Bought a +4 ring of dexterity for 351 gold pieces
  7421 | D:9      | Found a staircase to the Orcish Mines.
  7470 | D:9      | Found a stormy altar of Qazlal.
  7990 | D:9      | Found a blossoming altar of Fedhas.
  8217 | D:10     | Entered Level 10 of the Dungeon
  8272 | D:10     | Received a gift from Okawaru
  8272 | D:10     | Reached skill level 5 in Invocations
  8528 | D:10     | Noticed JeffiDaFish's ghost (novice GrFi)
  8590 | D:10     | Killed JeffiDaFish's ghost
  8590 | D:10     | Reached XP level 11. HP: 38/69 MP: 14/14
  8717 | D:10     | Found a staircase to the Lair.
  8726 | Lair:1   | Entered Level 1 of the Lair of Beasts
 10054 | Lair:2   | Reached ****** piety under Okawaru
 10102 | Lair:2   | Found a staircase to the Snake Pit.
 10191 | Lair:2   | Reached skill level 10 in Shields
 10202 | Lair:2   | Received a gift from Okawaru
 10478 | Lair:2   | Noticed a queen ant
 10530 | Lair:2   | Killed a queen ant
 10530 | Lair:2   | Reached XP level 12. HP: 77/77 MP: 16/16
 10567 | Lair:2   | Reached skill level 10 in Fighting
 10647 | Lair:2   | Noticed a four-headed hydra
 10677 | Lair:2   | Killed a four-headed hydra
 10677 | Lair:2   | Reached skill level 5 in Dodging
 10689 | Lair:2   | Reached skill level 10 in Armour
 11089 | Lair:2   | Found a staircase to the Swamp.
 11372 | Lair:3   | Identified the +2 war axe of Hard Scrabble {drain, Stlth+} (You found it on level 3 of the Lair of Beasts)
 11506 | Lair:3   | Noticed a four-headed hydra
 11517 | Lair:3   | Killed a four-headed hydra
 13210 | Lair:5   | Reached skill level 10 in Maces & Flails
 13384 | Lair:5   | Reached XP level 13. HP: 76/84 MP: 18/18
 14192 | Lair:5   | Received a gift from Okawaru
 14635 | Lair:6   | Entered Level 6 of the Lair of Beasts
 14715 | Lair:6   | Found a staircase to the Slime Pits.
 14716 | Lair:6   | Found a viscous altar of Jiyva.
 15075 | Lair:6   | Received a gift from Okawaru
 15769 | Lair:6   | Received a gift from Okawaru
 16469 | Lair:6   | Identified the +3 chain mail "Ykucu" {MP+9 Dex+3} (You found it on level 6 of the Lair of Beasts)
 16523 | Lair:6   | Found a runed door.
 16526 | Lair:6   | Noticed an ice dragon
 16543 | Lair:6   | Killed an ice dragon
 16796 | Lair:6   | Received a gift from Okawaru
 16805 | Lair:6   | Learned a level 2 spell: Blink
 16813 | Lair:6   | Gained mutation: Your large and strong wings let you fly indefinitely. [Gargoyle growth]
 16813 | Lair:6   | Reached XP level 14. HP: 91/91 MP: 20/20
 16904 | Lair:6   | Reached skill level 1 in Spellcasting
 17183 | Lair:6   | Reached skill level 1 in Translocations
 18040 | D:11     | Received a gift from Okawaru
 19413 | D:13     | Found a flagged portal.
 19435 | Bailey   | Entered a bailey
 19796 | D:13     | Noticed Rupert
 19857 | D:13     | Killed Rupert
 19872 | D:13     | Received a gift from Okawaru
 19922 | D:13     | Got a spiked hat {god gift}
 19933 | D:13     | Identified the -4 hat of Wopaet {rPois rF++} (Okawaru gifted it to you on level 13 of the Dungeon)
 20092 | D:13     | Found a gate to the Vaults.
 20283 | D:13     | Found a runed door.
 20294 | D:13     | Noticed a storm dragon
 20316 | D:13     | Killed a storm dragon
 20321 | D:13     | Reached XP level 15. HP: 97/97 MP: 21/21
 20350 | D:13     | Noticed a tengu reaver
 20375 | D:13     | Killed a tengu reaver
 21288 | D:14     | Noticed Urug
 21308 | D:14     | Killed Urug
 21501 | D:14     | Noticed Frances
 21520 | D:14     | Killed Frances
 21907 | D:14     | Received a gift from Okawaru
 21915 | D:15     | Entered Level 15 of the Dungeon
 22118 | D:15     | Found a staircase to the Depths.
 22335 | D:15     | Found a shattered altar of Ashenzari.
 23040 | Orc:1    | Entered Level 1 of the Orcish Mines
 23092 | Orc:1    | Noticed Josephine
 23117 | Orc:1    | Killed Josephine
 23161 | Orc:1    | Found a dark tunnel.
 23166 | Volcano  | Entered a volcano
 23578 | Volcano  | Reached XP level 16. HP: 100/105 MP: 22/22
 24236 | Orc:2    | Entered Level 2 of the Orcish Mines
 24239 | Orc:2    | Noticed Donald
 24274 | Orc:1    | Killed Donald
 24471 | Orc:2    | Found Sopp's General Store.
 24885 | Orc:2    | Reached XP level 17. HP: 111/111 MP: 24/24
 24905 | Orc:2    | Received a gift from Okawaru
 25000 | Orc:2    | Found a staircase to the Elven Halls.
 25090 | Orc:2    | Found Wybli's General Store.
 25696 | Orc:2    | Bought a potion of heal wounds for 75 gold pieces
 26219 | Orc:2    | Reached skill level 5 in Spellcasting
 26678 | Orc:2    | Found Vagejez's Gadget Emporium.
 26678 | Orc:2    | Found Bucea's Antique Armour Shoppe.
 26685 | Orc:2    | Found a one-way gate leading to the halls of Pandemonium.
 26817 | Orc:2    | Noticed Maurice
 26830 | Orc:2    | Killed Maurice
 27036 | Swamp:1  | Entered Level 1 of the Swamp
 27047 | Swamp:1  | Noticed Louise
 27060 | Swamp:1  | Received a gift from Okawaru
 27081 | Swamp:1  | Cast into level 3 of the Abyss (Louise)
 27110 | Abyss:3  | Found a corrupted altar of Lugonu.
 27247 | Abyss:3  | Paralysed by accursed screaming for 1 turns
 27266 | Abyss:3  | HP: 4/112 [starcursed mass/accursed screaming (8)]
 27694 | Abyss:3  | Noticed a tentacled starspawn
 27697 | Abyss:3  | Reached skill level 5 in Translocations
 27734 | Abyss:3  | Killed a tentacled starspawn
 27844 | Abyss:4  | Noticed a tentacled starspawn
 27860 | Swamp:1  | Escaped the Abyss
 27875 | Swamp:1  | Killed Louise
 27906 | Swamp:1  | Got a blackened large shield {god gift}
 27917 | Swamp:1  | Identified the -4 large shield of Salvation {rPois rF- rN+++ Int-2} (Okawaru gifted it to you on level 1 of the Swamp)
 28303 | Swamp:1  | Noticed Kirke
 28666 | Swamp:1  | Slain by a harpy

Skill      XL: |  1  2  3  4  5  6  7  8  9 10 11 12 13 14 15 16 17 |
---------------+----------------------------------------------------+-----
Shields        | 4 5 6 8 9 10 11 12 13 14 | 14.8
Maces & Flails | 3 4 5 6 7 8 9 10 11 12 13 | 13.2
Fighting       | 4 5 7 8 9 10 11 12 13 14 | 14.7
Armour         | 4 5 7 8 9 10 11 12 13 14 | 14.3
Dodging        | 1 2 3 4 5 6 7 8 |  8.0
Stealth        | 1 |  1.0
Invocations    | 1 3 4 5 6 7 8 |  8.1
Spellcasting   | 2 4 5 |  5.4
Translocations | 2 4 5 |  5.3

Action                   |  1- 3 |  4- 6 |  7- 9 | 10-12 | 13-15 | 16-18 || total
-------------------------+-------+-------+-------+-------+-------+-------++-------
Melee: Flail             |   127 |   167 |   527 |  1134 |   492 |   209 ||  2656
       Whip              |       |       |       |       |  1272 |   893 ||  2165
       Unarmed           |       |       |       |       |       |    12 ||    12
Invok: Finesse           |       |       |       |     1 |     6 |     6 ||    13
       Heroism           |       |       |       |       |     5 |     1 ||     6
 Abil: Fly               |       |       |       |       |     1 |       ||     1
Evoke: Wand              |       |     3 |       |       |       |       ||     3
  Use: Scroll            |     5 |     5 |     1 |    12 |    10 |    10 ||    43
       Potion            |     3 |     4 |     8 |    12 |     5 |     3 ||    35
 Stab: Petrified         |       |       |       |       |     8 |       ||     8
       Paralysed         |       |       |       |       |       |     2 ||     2
  Eat: Chunk             |     1 |     5 |    16 |    24 |    31 |    15 ||    92
       Royal jelly       |       |       |       |       |     2 |     1 ||     3
Armor: Scale mail        |    95 |    84 |   120 |       |       |       ||   299
       Chain mail        |       |       |    43 |       |   240 |       ||   283
       Plate armour      |       |       |   102 |   638 |   313 |   406 ||  1459
Dodge: Dodged            |    68 |    51 |   151 |   310 |   546 |   414 ||  1540
Block: Shield            |    88 |   139 |   483 |   963 |  1135 |   793 ||  3601
       Reflection        |       |     5 |    18 |     5 |    25 |    11 ||    64
       Other             |       |       |       |       |       |     2 ||     2
